Map: Traitor's Exile

Players

MonstroTown - Winner!

  • Race: Terran Terran
  • Spawn Location: 12:00

Michael - Winner!

  • Race: Zerg Zerg
  • League: Gold
  • Spawn Location: 9:00

MuthaFuzza

  • Race: Terran Terran
  • League: Platinum
  • Spawn Location: 6:00

Typher

  • Race: Protoss Protoss
  • League: Gold
  • Spawn Location: 5:00

VOD

Have the link to the VOD?

Description

Time

  • Played on: Sept. 28, 2018, 8:14 p.m.
  • Length: 10:24
Show
View Real Time Build Order
Export as new Build Order

MonstroTown Terran - Winner!

Build Orders: Reaper Expand 

Get SALT Encoding   

  12  0:01  SCV  
  13  0:13  SCV  
  14  0:18  Supply Depot  
  14  0:25  SCV  
  15  0:40  SCV  
  15  0:42  Barracks  
  16  0:46  Refinery  
  16  0:52  SCV  
  18  1:04  SCV  
  18  1:16  SCV  
  19  1:30  Command Center  
  19  1:33  Reaper  
  20  1:44  Orbital Command  
  20  2:01  Barracks  
  20  2:12  Barracks Tech Lab  
  20  2:15  Supply Depot, SCV  
  21  2:38  SCV  
  21  2:39  Marine  
  23  2:50  SCV  
  24  2:52  Reaper  
  24  2:56  Orbital Command  
  24  2:57  Marine  
  26  3:03  Refinery, SCV, Factory  
  27  3:15  Reaper  
  28  3:26  SCV x2  
  30  3:34  Barracks Tech Lab  
  30  3:35  Barracks  
  30  3:36  Engineering Bay  
  30  3:37  Barracks Reactor  
  28  3:53  Marauder  
  30  3:55  SCV  
  31  4:03  Orbital Command  
  31  4:05  Bunker  
  30  4:31  Supply Depot, Factory Tech Lab  
  30  4:35  Starport, Terran Infantry Weapons Level 1, Marine x2  
  30  4:36  Marauder  
  34  4:41  Supply Depot  
  34  4:44  SCV x2  
  36  4:56  SCV x2  
  36  4:59  Supply Depot  
  38  5:04  Barracks Tech Lab  
  38  5:11  SCV  
  38  5:14  Refinery  
  39  5:17  Siege Tank  
  42  5:31  Viking  
  42  5:32  Marine x3  
  46  5:51  Missile Turret  
  46  5:52  Missile Turret  
  46  5:55  Missile Turret  
  46  5:59  SCV  
  46  6:00  SCV  
  46  6:04  Marauder x2  
  48  6:11  SCV  
  48  6:23  Marine x2  
  48  6:24  Marine  
  48  6:25  SCV x2, Marine  
  54  6:30  Supply Depot  
  54  6:35  Terran Infantry Armor Level 1  
  54  6:37  Engineering Bay, SCV  
  55  6:40  Marine  
  55  6:43  Missile Turret  
  56  6:52  Missile Turret  
  56  6:53  Stimpack  
  56  6:55  Medivac  
  58  7:08  Supply Depot  
  58  7:13  Missile Turret  
  58  7:21  Marine x3  
  58  7:22  Marauder  
  63  7:23  Supply Depot  
  63  7:24  Supply Depot x2, Command Center  
  63  7:27  Missile Turret  
  63  7:35  Missile Turret  
  63  7:37  Supply Depot  
  63  7:39  Marine x2  
  65  7:45  SCV  
  65  7:46  SCV  
  65  7:50  Marine  
  68  7:58  SCV x2  
  70  8:10  SCV  
  71  8:15  Marine x2  
  71  8:16  Marauder x2  
  71  8:17  Medivac  
  79  8:20  SCV  
  79  8:22  SCV  
  81  8:35  Supply Depot  
  81  8:37  Marauder  
  81  8:40  Armory  
  74  9:17  Marine x2  
  74  9:18  Marine x2  
  60  9:35  Marine  
  56  9:57  Marine x3  
  56  9:58  Marauder  
  55  10:06  Barracks  
  55  10:08  Barracks  
  55  10:10  Barracks  
  55  10:11  Barracks  
  55  10:13  Barracks  
Show
View Real Time Build Order
Export as new Build Order

Michael Zerg - Winner!

Build Orders: Hatch First 

Get SALT Encoding   

  12  0:01  Drone  
  13  0:13  Overlord  
  13  0:18  Drone  
  14  0:31  Drone x2  
  14  0:35  Drone  
  17  0:45  Drone  
  18  0:59  Hatchery  
  18  1:00  Drone  
  18  1:06  Extractor  
  18  1:08  Drone  
  18  1:20  Spawning Pool  
  17  1:28  Drone  
  18  1:33  Drone  
  19  1:40  Drone  
  20  1:49  Overlord  
  20  2:06  Queen  
  22  2:10  Queen  
  22  2:12  Metabolic Boost  
  22  2:14  Zergling x4  
  26  2:16  Zergling x2  
  27  2:31  Drone x2  
  27  2:33  Drone  
  27  2:34  Drone  
  31  2:47  Drone  
  31  2:48  Drone  
  33  3:04  Drone, Roach Warren, Evolution Chamber  
  33  3:05  Extractor  
  31  3:06  Overlord  
  31  3:09  Drone  
  33  3:12  Drone  
  33  3:15  Drone  
  33  3:18  Drone  
  35  3:26  Lair  
  35  3:29  Queen  
  37  3:39  Zergling x2  
  37  3:40  Zergling x6  
  41  3:48  Zerg Ground Armor Level 1  
  41  4:06  Queen  
  43  4:20  Hatchery  
  43  4:23  Spine Crawler  
  41  4:25  Glial Reconstitution  
  41  4:30  Drone  
  41  4:31  Drone x2  
  44  4:36  Overlord x2  
  44  4:37  Overlord  
  44  4:45  Extractor  
  44  4:47  Extractor  
  42  5:16  Infestation Pit  
  42  5:19  Hydralisk Den  
  37  5:37  Spore Crawler  
  37  5:39  Spore Crawler, Drone x8  
  37  5:42  Drone x10  
  53  5:48  Burrow  
  53  5:57  Queen  
  53  6:01  Muscular Augments  
  55  6:15  Spore Crawler  
  55  6:18  Queen  
  53  6:42  Hydralisk x6  
  62  6:56  Hydralisk  
  63  7:03  Drone x5  
  68  7:13  Drone x2  
  68  7:15  Extractor  
  69  7:17  Extractor  
  69  7:18  Drone x3  
  69  7:19  Drone  
  69  7:20  Drone  
  69  7:21  Overlord  
  69  7:22  Overlord x4  
  73  7:43  Spore Crawler  
  73  7:44  Overlord x2  
  72  7:46  Spore Crawler, Drone x3  
  72  7:47  Drone x2  
  72  7:48  Drone  
  72  7:49  Drone x2  
  81  8:01  Hatchery  
  81  8:02  Hive  
  81  8:05  Zerg Missile Weapons Level 1  
  78  8:32  Pneumatized Carapace  
  78  8:35  Grooved Spines  
  78  8:40  Queen, Evolution Chamber  
  109  9:05  Overlord x5  
  109  9:31  Swarm Host  
  109  9:32  Swarm Host  
  127  9:52  Hydralisk  
  127  9:53  Hydralisk x5  
Show
View Real Time Build Order
Export as new Build Order

MuthaFuzza Terran 

Build Orders:  

Get SALT Encoding   

  12  0:01  SCV  
  13  0:15  SCV  
  14  0:22  Supply Depot  
  14  0:27  SCV  
  15  0:44  SCV  
  16  0:53  Barracks  
  16  0:56  Refinery, SCV  
  17  0:58  Refinery  
  17  1:09  SCV  
  18  1:21  SCV  
  19  1:33  SCV  
  20  1:45  Orbital Command  
  20  1:47  Factory  
  20  1:49  Barracks Reactor  
  20  2:17  SCV  
  21  2:29  SCV  
  22  2:34  Starport  
  22  2:35  Barracks Tech Lab  
  22  2:46  Supply Depot  
  22  3:03  Supply Depot, SCV  
  23  3:08  Hellion x2  
  23  3:10  Supply Depot  
  23  3:12  Factory  
  27  3:15  SCV  
  27  3:19  Barracks Tech Lab  
  28  3:28  SCV  
  29  3:44  Armory  
  29  3:51  Hellion  
  29  3:53  Hellion  
  33  3:57  Command Center  
  33  4:22  Factory Tech Lab  
  33  4:28  Supply Depot  
  33  4:31  Banshee  
  33  4:34  Cloaking Field  
  36  4:51  Supply Depot  
  34  4:53  SCV  
  34  4:56  Terran Vehicle Weapons Level 1  
  35  5:05  SCV  
  35  5:14  Banshee  
  38  5:28  Infernal Pre-Igniter  
  38  5:29  Command Center  
  38  5:49  SCV  
  39  6:02  SCV  
  40  6:07  Starport Reactor  
  40  6:20  SCV  
  40  6:24  Barracks Reactor  
  41  6:32  SCV  
  42  6:35  Factory  
  39  6:57  Orbital Command  
  36  7:12  Starport Tech Lab  
  36  7:14  Barracks Tech Lab  
  36  7:23  Factory  
  36  7:29  Thor x2  
  48  7:37  Refinery  
  48  7:38  Refinery, SCV x2  
  52  7:50  SCV  
  51  8:04  SCV x2  
  53  8:09  Factory, Viking x2  
  57  8:16  SCV x2  
  59  8:20  Terran Vehicle And Ship Armor Level 1  
  59  8:26  Armory, Supply Depot  
  59  8:28  SCV  
  60  8:38  Supply Depot  
  60  8:52  Hellion x2  
  60  8:53  Hellion  
  66  8:58  Command Center  
  66  9:00  Supply Depot  
  66  9:02  Hellion x2  
  70  9:14  Hellion x2  
  60  9:36  Thor x2, Hellion x3  
  60  9:37  Thor  
Show
View Real Time Build Order
Export as new Build Order

Typher Protoss 

Build Orders:  

Get SALT Encoding   

  12  0:01  Probe  
  13  0:13  Probe  
  14  0:31  Probe  
  15  0:39  Pylon  
  15  0:52  Assimilator  
  16  0:57  Probe  
  16  1:01  Gateway  
  16  1:10  Pylon  
  16  1:14  Probe  
  17  1:22  Probe  
  18  1:42  Probe  
  19  1:51  Cybernetics Core  
  19  1:54  Probe  
  19  1:55  Assimilator  
  20  2:06  Probe  
  21  2:14  Gateway  
  21  2:19  Probe  
  21  2:41  Adept  
  22  3:05  Robotics Facility  
  22  3:12  Warp Gate  
  22  3:29  Probe  
  23  3:43  Pylon  
  23  3:44  Probe  
  24  3:53  Immortal, Probe  
  28  4:01  Probe  
  30  4:12  Probe  
  30  4:15  Nexus  
  31  4:24  Probe  
  32  4:34  Forge  
  32  4:36  Warp Prism, Probe  
  37  4:47  Adept  
  37  4:58  Protoss Ground Weapons Level 1  
  37  5:00  Probe  
  38  5:28  Gateway  
  38  5:31  Gateway  
  38  5:32  Observer  
  38  5:33  Probe  
  38  5:34  Probe  
  41  5:45  Probe  
  41  5:46  Probe  
  43  5:57  Probe  
  43  5:58  Probe  
  41  6:27  Protoss Shields Level 1  
  41  6:31  Probe x2  
  37  6:37  Photon Cannon  
  37  6:39  Assimilator  
  37  6:43  Assimilator, Pylon, Probe  
  38  6:50  Nexus  
  38  6:51  Probe  
  38  6:52  Pylon  
  38  6:54  Pylon  
  38  6:55  Probe  
  38  6:57  Pylon  
  40  7:03  Probe  
  40  7:05  Twilight Council  
  40  7:07  Warp Prism  
  40  7:08  Probe  
  44  7:14  Probe  
  45  7:16  Probe  
  46  7:27  Probe  
  46  7:28  Sentry  
  46  7:29  Sentry x2  
  53  7:30  Sentry  
  53  7:36  Blink  
  55  7:45  Gateway  
  55  7:47  Gateway x2  
  55  7:51  Observer  
  56  7:58  Probe  
  57  8:08  Probe x2  
  59  8:16  Shield Battery  
  59  8:19  Pylon  
  59  8:37  Robotics Bay  
  59  8:39  Assimilator  
  60  8:41  Probe x2, Assimilator  
  60  8:43  Probe  
  60  8:44  Pylon  
  61  8:56  Stalker x2  
  61  8:57  Stalker x2  
  57  9:17  Probe x2  
  54  9:26  Stalker x2  
  54  9:27  Stalker x4  
  64  9:34  Nexus  
  64  9:36  Pylon  
  60  9:41  Stalker  
  57  9:59  Probe x2  
  59  10:06  Stalker  
  59  10:07  Stalker x4  
Tags
 
Add a new tag
Caveats
  • Supply blocks, unpowered buildings, or Contaminate may cause inaccurate times.
  • Supply counts are checked every 10 seconds.